 Dungeon Crawl Stone Soup version 0.27-a0-419-g7a85846853 (webtiles) character file.

Game seed: 2103608793810626214

145 Chiseanne the Skirmisher (level 5, 47/47 HPs)
             Began as a Demonspawn Wanderer on Feb 26, 2021.
             Quit the game on level 3 of the Dungeon.
             The game lasted 00:04:04 (2709 turns).

Chiseanne the Skirmisher (Demonspawn Wanderer)      Turns: 2709, Time: 00:04:05

Health: 47/47      AC: 10    Str: 15    XL:     5   Next: 6%
Magic:  5/5        EV:  9    Int: 10    God:
Gold:   163        SH:  5    Dex: 14    Spells: 4/4 levels left

rFire    . . .     SeeInvis .   a - +4 hand axe
rCold    . . .     Faith    .   c - +1 buckler
rNeg     + . .     Spirit   .   k - +0 scale mail
rPois    .         Reflect  .   n - +0 helmet
rElec    .         Harm     .   (no cloak)
rCorr    .         Rampage  .   (no gloves)
Will     .....                  (no boots)
Stlth    ..........             (no amulet)
HPRegen  0.15/turn              p - ring of positive energy
MPRegen  0.09/turn              (no ring)

@: no status effects
A: hooves 1, slimy green scales 2
a: no special abilities


You were on level 3 of the Dungeon.
You visited 1 branch of the dungeon, and saw 3 of its levels.

You collected 163 gold pieces.

Inventory:

Hand Weapons
 a - a +4 hand axe (weapon)
Missiles
 b - 43 bolts
 d - 120 stones (quivered)
 h - 26 arrows
 i - 6 silver javelins
 j - 16 sling bullets
 q - 6 javelins
 r - 9 poisoned darts
Armour
 c - a +1 buckler (worn)
 k - a +0 scale mail (worn)
 n - a +0 helmet (worn)
Jewellery
 p - a ring of positive energy (left hand)
 s - an amulet of guardian spirit
 t - a ring of see invisible
Scrolls
 f - 3 scrolls of identify {unknown}
 m - a scroll of enchant weapon
Potions
 e - 2 potions of mutation {unknown}
 g - 2 potions of heal wounds
 l - a potion of attraction {unknown}
 o - a potion of curing {unknown}


   Skills:
 * Level 6.4 Fighting
 - Level 1.0 Axes
 * Level 2.3 Armour
 * Level 1.9 Dodging
 * Level 2.3 Shields
 - Level 1.0 Evocations


You had 4 spell levels left.
You didn't know any spells.
Your spell library was empty.

Dungeon Overview and Level Annotations

Branches:
Dungeon (3/15)

Altars:
Ru
Sif Muna
Vehumet


Innate Abilities, Weirdness & Mutations

You have large cloven feet.
You are mostly covered in slimy green scales. (AC +3)


Message History

The adder bites you but does no damage.
You closely miss the adder.
The adder is heavily wounded.
You closely miss the jackal. You block the jackal's attack.
The jackal bites you. The adder barely misses you.
You miss the adder.
The adder is heavily wounded.
You hit the jackal. The jackal closely misses you.
The adder bites you but does no damage.
The jackal bites you but does no damage.
The adder barely misses you.
You hit the jackal.
You kill the jackal!
You closely miss the adder. The adder bites you but does no damage.
You closely miss the adder.
The adder is heavily wounded.
The adder bites you. You block the adder's attack.
You closely miss the adder.
The adder is heavily wounded.
The adder bites you but does no damage. The adder barely misses you.
You miss the adder.
The adder is heavily wounded.
The adder barely misses you. The adder bites you but does no damage.
Your scale mail prevents you from hitting the adder.
The adder is heavily wounded.
The adder bites you but does no damage.
You slash the adder!
You kill the adder!
You have reached level 5!
Your demonic ancestry asserts itself...
Your feet thicken and deform.
Things that are here:
an adder corpse; a giant cockroach corpse
Things that are here:
a +0 club; a jackal corpse; a jackal corpse
d - 120 stones (gained 14)
You now have 163 gold pieces (gained 11).
b - 43 bolts (gained 14)
Found a ring mail.
Are you sure you want to abandon this character and quit the game? (Confirm with "yes".)

.........#.#..####
.....[#)††.......##
.....##..........##
....!##............
....##..........##.
....)...........##.
#.####.<.......##.
#.# ##.........##.
#@###...#####..##.
###.......>..###.##.
#####............#
.....
#................#
..##
#..................
...
#........#.######..#
#........#.# .##
#........#.# #
#.......##.#


There were no monsters in sight!

Vanquished Creatures
  Natasha (thrice) (D:2)
  An adder (D:3)
  2 worms (D:2)
  A leopard gecko (D:2)
  2 ball pythons (D:2)
  6 bats
  2 giant cockroaches
  7 goblins
  9 hobgoblins
  5 jackals
  4 quokkas
  3 frilled lizards
  5 kobolds
  3 rats
53 creatures vanquished.

Vanquished Creatures (others)
  A plant (D:2)
1 creature vanquished.

Grand Total: 54 creatures vanquished

Notes
Turn   | Place    | Note
-------+----------+-------------------------------------------
     0 | D:1      | Chiseanne the Demonspawn Wanderer began the quest for the
                  | Orb.
     0 | D:1      | Chiseanne set off with the following items: a +2 hand axe,
                  | a +0 ring mail, a +0 buckler
     0 | D:1      | Reached XP level 1. HP: 22/22 MP: 1/1
    72 | D:1      | You fall into a shaft and drop 1 floor!
   254 | D:1      | Gained mutation: You are partially covered in slimy green
                  | scales. (AC +2) [demonic ancestry]
   254 | D:1      | Reached XP level 2. HP: 23/28 MP: 2/2
  1593 | D:2      | Noticed Natasha
  1595 | D:2      | Noticed a crimson imp
  1596 | D:2      | Reached skill level 1 in Dodging
  1599 | D:2      | Noticed a crimson imp
  1603 | D:2      | Killed Natasha
  1604 | D:2      | Gained mutation: You are mostly covered in slimy green
                  | scales. (AC +3) [demonic ancestry]
  1604 | D:2      | Reached XP level 3. HP: 23/34 MP: 3/3
  2030 | D:2      | Reached XP level 4. HP: 34/40 MP: 4/4
  2246 | D:2      | Noticed Natasha
  2259 | D:2      | Killed Natasha
  2398 | D:2      | Found a sacrificial altar of Ru.
  2398 | D:2      | Found a shimmering blue altar of Sif Muna.
  2401 | D:2      | Found a radiant altar of Vehumet.
  2467 | D:2      | Noticed Natasha
  2476 | D:2      | Killed Natasha
  2663 | D:3      | Gained mutation: You have large cloven feet. [demonic
                  | ancestry]
  2663 | D:3      | Reached XP level 5. HP: 43/47 MP: 5/5
  2709 | D:3      | Quit the game

Illustrated notes

Levels and vault maps discovered:
D:1:      dpeg_arrival_chambers_temple_mockup, layout_basic
D:2:      layout_loops_ring, gammafunk_temple_overflow_forgotten,
          minmay_pentomino_t2, uniq_natasha
D:3:      layout_rooms, minivault_25, kennysheep_flooded_box

Skill      XL: |  1  2  3  4 |
---------------+-------------+-----
Dodging        | 1 |  1.9
Armour         | 2 |  2.3
Shields        | 2 |  2.3
Fighting       | |  6.4
Axes           | |  1.0
Evocations     | |  1.0

Action                   |  1- 3 |  4- 6 || total
-------------------------+-------+-------++-------
Melee: Hand axe          |    99 |    55 ||   154
  Use: Scroll            |     5 |       ||     5
Armor: Ring mail         |    10 |       ||    10
       Scale mail        |    40 |    31 ||    71
Dodge: Dodged            |    51 |    25 ||    76
Block: Buckler           |    21 |    14 ||    35

Table legend: (Time is in decaauts)
 A = Elapsed time spent in this place.
 B = Non-inter-level travel time spent in this place.
 C = Inter-level travel time spent in this place.
 D = Time resting spent in this place.
 E = Time spent auto-exploring this place.
 F = Levels seen in this place.
 G = Mean time per level.
                   A        B        C        D        E       F      G
               +--------+--------+--------+--------+--------+-----+--------+
         Total |   2780 |   2697 |     83 |     70 |   2248 |   3 |  926.7 |
       Dungeon |   2780 |   2697 |     83 |     70 |   2248 |   3 |  926.7 |
               +--------+--------+--------+--------+--------+-----+--------+

Top non-repeatable levels by time:
     D:1: 1471 daAuts
     D:2: 1101 daAuts
     D:3: 207 daAuts
